 Dungeon Crawl Stone Soup version 0.31.0-32-g396128a36d (webtiles) character file.

Game seed: 7132189300172163748

1755 Ford the Covered (level 8, -4/69 (70) HPs)
             Began as a Minotaur Berserker on Apr 22, 2024.
             Was an Elder of Trog.
             Slain by an ice devil (13 damage)
             ... summoned by a kobold demonologist
             ... on level 7 of the Dungeon.
             The game lasted 00:26:59 (5913 turns).

Ford the Covered (Minotaur Berserker)               Turns: 5913, Time: 00:26:59

HP:   -4/69 (70)    AC: 14    Str: 23    XL:     8   Next: 78%
MP:   7/7           EV: 10    Int:  4    God:    Trog [****..]
Gold: 210           SH:  0    Dex: 11    Spells: 7/7 levels left

rFire   . . .        y - +4 quarterstaff (chaos)
rCold   . . .        (shield currently unavailable)
rNeg    . . .        r - +0 chain mail
rPois   .            (helmet restricted)
rElec   .            z - +0 cloak
rCorr   .            a - +0 pair of gloves
SInv    .            c - +0 pair of boots
Will    ++...        p - amulet of magic regeneration Stlth
                     (no ring)
HPRegen 1.31/turn    (no ring)
MPRegen 0.50/turn

%: no passive effects
@: strong-willed, regenerating, lightly drained
A: horns 2, retaliatory headbutt
a: Renounce Religion, Berserk, Trog's Hand, Brothers in Arms


You were on level 7 of the Dungeon.
You worshipped Trog.
Trog was greatly pleased with you.
You visited 1 branch of the dungeon, and saw 7 of its levels.

You collected 371 gold pieces.
You spent 161 gold pieces at shops.

Inventory:

Hand Weapons
 y - a +4 quarterstaff of chaos (weapon)
Missiles
 f - a poisoned dart (quivered)
 m - 11 boomerangs
Armour
 a - a +0 pair of gloves (worn)
 c - a +0 pair of boots (worn)
 r - a +0 chain mail (worn)
 z - a +0 cloak (worn)
Jewellery
 p - an amulet of magic regeneration (around neck)
Wands
 g - a wand of flame (38)
 u - a wand of polymorph (1)
 D - a wand of acid (4)
Scrolls
 d - 2 scrolls of revelation {unknown}
 e - a scroll of amnesia {unknown}
 i - 2 scrolls of enchant armour {unknown}
 k - 3 scrolls of fear {unknown}
 o - 2 scrolls of vulnerability {unknown}
 s - 3 scrolls of teleportation {unknown}
 t - a scroll of poison {unknown}
 w - a scroll of fog {unknown}
 x - a scroll of enchant weapon {unknown}
 A - a scroll of blinking {unknown}
Potions
 b - a potion of curing
 h - a potion of magic {unknown}
 j - a potion of mutation {unknown}
 l - a potion of enlightenment
 n - 2 potions of attraction
 q - a potion of cancellation {unknown}
 B - a potion of degeneration {unknown}
 C - a potion of haste {unknown}


   Skills:
 + Level 6.3 Fighting
 + Level 5.6(7.1) Axes
 + Level 6.7(8.3) Polearms
 + Level 4.8(6.5) Staves
 + Level 0.6 Throwing
 + Level 7.1 Armour
 + Level 3.8 Dodging
 + Level 1.4 Stealth
 + Level 0.1 Unarmed Combat


You had 7 spell levels left.
You didn't know any spells.
Your spell library was empty.

Dungeon Overview and Level Annotations

Branches:
Dungeon (7/15)             Temple (0/1) D:7

Altars:
Ashenzari
Nemelex Xobeh
Qazlal

Shops:
D:5 *

Annotations:
D:7 1 transporter


Innate Abilities, Weirdness & Mutations

You have a pair of horns on your head.
You reflexively headbutt those who attack you in melee.


Message History

The hellwing hits you!
* * * LOW HITPOINT WARNING * * *
The hellwing hits you but does no damage.
You feel better.
The quasit disappears in a puff of smoke!
The soul eater hits you but does no damage.
The iron imp puffs mist at you. The hellwing hits you.
The hellwing closely misses you. The soul eater barely misses you.
The kobold demonologist begins to cast a cantrip, but forgets the words!
You hit the hellwing but do no damage. You headbutt the hellwing.
The hellwing is lightly wounded.
The soul eater hits you. The soul eater misses you. The hellwing hits you!
* * * LOW HITPOINT WARNING * * *
The hellwing closely misses you.
The kobold demonologist casts a spell.
You barely miss the hellwing.
The hellwing is lightly wounded.
The soul eater disappears in a puff of smoke!
The shadow imp disappears in a puff of smoke!
You hit the hellwing.
The hellwing suddenly seems more resistant.
Your headbutt misses the hellwing.
The hellwing is lightly wounded.
The soul eater disappears in a puff of smoke!
The hellwing barely misses you. You furiously retaliate!
You headbutt the hellwing!
The hellwing hits you but does no damage.
The crimson imp blinks!
Your skin crawls.
You feel strong-willed. The hellwing hits you.
* * * LOW HITPOINT WARNING * * *
The hellwing hits you.
* * * LOW HITPOINT WARNING * * *
The shadow imp puffs mist at you. The ice devil hits you.
* * * LOW HITPOINT WARNING * * *
The ice devil freezes you!
You die...

.P. ...# P.>. ..#
..P #.# .# .PP##.##
$###
###.#...######...##
#.....©.....#<....#
#.#########.#......
#.#8P.©.~8#.......#
#.#P..§@4~#..#...##
#.####4####..# .##
...#o≈535≈o#..# #
##.#K≈5§5≈5#..#
...#K5~5~≈5#..#
##.#5≈~♣P≈.#..#
#.#5≈~~~≈.#..#
#.#(≈...≈.#..##.###
#.#?≈...≈.#.........


You could see a hellwing (summoned, resistant), an ice devil (summoned), 2
kobold demonologists, a sixfirhy (summoned), an iron imp (summoned), 2 orc
priests, a crimson imp (summoned), 5 shadow imps and 3 ufetubi.

Vanquished Creatures
  Sigmund (D:2)
  Eustachio (D:5)
  A steam dragon (D:6)
  An ice beast (D:5)
  A centaur (D:7)
  2 phantoms
  A gnoll sergeant (D:6)
  A bullfrog (D:7)
  A scorpion (D:4)
  A howler monkey (D:6)
  3 jellies
  2 orc priests (D:6)
  4 hounds
  Crazy Yiuf (D:4)
  2 iguanas (D:6)
  2 sleepcaps
  Natasha (thrice) (D:3)
  3 orc wizards
  4 gnolls
  5 adders
  2 ufetubi (D:5)
  5 dart slugs
  A ribbon worm (D:4)
  29 orcs
  6 ball pythons
  10 endoplasms
  A giant cockroach (D:4)
  11 goblins
  6 hobgoblins
  9 jackals
  3 quokkas
  10 bats
  4 frilled lizards
  6 kobolds
  3 rats
146 creatures vanquished.

Notes
Turn   | Place    | Note
-------+----------+-------------------------------------------
     0 | D:1      | Ford the Minotaur Berserker began the quest for the Orb.
     0 | D:1      | Reached XP level 1. HP: 19/19 MP: 0/0
    46 | D:1      | Found a faded altar of an unknown god.
   184 | D:1      | Reached XP level 2. HP: 27/27 MP: 1/1
   398 | D:1      | Reached ** piety under Trog
   997 | D:2      | Reached XP level 3. HP: 28/34 MP: 2/2
  1306 | D:2      | Noticed Sigmund
  1332 | D:2      | HP: 2/51 [something (5)]
  1333 | D:2      | Killed Sigmund
  1334 | D:2      | Reached skill level 5 in Axes
  1334 | D:2      | Reached skill level 4 in Armour
  1334 | D:2      | Reached XP level 4. HP: 2/41 MP: 3/3
  1334 | D:2      | Reached XP level 5. HP: 2/47 MP: 4/4
  2437 | D:3      | Reached skill level 1 in Polearms
  2502 | D:3      | Reached skill level 5 in Fighting
  2502 | D:3      | Reached XP level 6. HP: 55/56 MP: 5/5
  2525 | D:3      | Reached *** piety under Trog
  2724 | D:3      | Noticed Natasha
  2731 | D:3      | Killed Natasha
  2881 | D:3      | Noticed Natasha
  2888 | D:3      | Killed Natasha
  3126 | D:3      | Noticed Natasha
  3144 | D:3      | Killed Natasha
  3450 | D:4      | Found a sparkling altar of Nemelex Xobeh.
  3515 | D:4      | Reached XP level 7. HP: 58/61 MP: 6/6
  3614 | D:4      | Found a runed translucent door.
  3614 | D:4      | You fall into a shaft and drop 2 floors!
  3698 | D:5      | Entered Level 5 of the Dungeon
  3698 | D:5      | Noticed Eustachio
  3712 | D:5      | Killed Eustachio
  3713 | D:5      | Reached skill level 5 in Polearms
  3713 | D:5      | Reached skill level 5 in Armour
  3746 | D:4      | Reached **** piety under Trog
  4024 | D:4      | Noticed Crazy Yiuf
  4138 | D:4      | Killed Crazy Yiuf
  4203 | D:5      | Found Hoeroxo's General Store.
  4219 | D:5      | Bought a potion of heal wounds for 70 gold pieces
  4219 | D:5      | Bought a +0 pair of gloves for 63 gold pieces
  4219 | D:5      | Bought a scroll of identify for 28 gold pieces
  4273 | D:5      | Reached skill level 1 in Staves
  4594 | D:5      | Reached XP level 8. HP: 63/70 MP: 7/7
  4788 | D:5      | Reached skill level 6 in Armour
  5140 | D:6      | Found a stormy altar of Qazlal.
  5142 | D:6      | Noticed an air elemental
  5444 | D:6      | Reached skill level 1 in Stealth
  5672 | D:6      | Found a broken altar of Ashenzari.
  5744 | D:7      | Reached skill level 7 in Armour
  5830 | D:7      | Found a transporter.
  5831 | D:7      | Noticed a kobold demonologist
  5832 | D:7      | Noticed a kobold demonologist
  5849 | D:7      | Found a transporter.
  5862 | D:7      | Found a staircase to the Ecumenical Temple.
  5886 | D:7      | Noticed a soul eater
  5895 | D:7      | Noticed an ice devil
  5900 | D:7      | Noticed a soul eater
  5900 | D:7      | Noticed a sixfirhy
  5901 | D:7      | Noticed a hellwing
  5913 | D:7      | Slain by an ice devil

Illustrated notes

Levels and vault maps discovered:
D:1:      dpeg_arrival_tiny_j, layout_basic, ebering_ecumenical_altar_petrified
D:2:      layout_basic, hangedman_abyss_or_decor_stabs, uniq_sigmund
D:3:      layout_rooms, chequers_serial_rivers_large_a, st_stairs_5,
          fountainhead, minmay_increasing_density, uniq_natasha
D:4:      layout_gridville, nemelex_dance_club_becter, uniq_crazy_yiuf_cottage
D:5:      layout_basic, serial_shops, nicolae_shop_rolling_square,
          uniq_eustachio
D:6:      layout_loops_ring, kennysheep_mini_moat,
          nicolae_qazlal_style_of_elements
D:7:      gammafunk_wand_slinger, layout_loops_ring,
          minmay_temple_entry_overgrown, minivault_27, roderic_roman_lattice

Skill      XL: |  1  2  3  4  5  6  7  8 |
---------------+-------------------------+-----
Axes           | 4 5 |  5.6
Fighting       | 4 5 6 |  6.3
Armour         | 4 5 7 |  7.1
Dodging        | 3 |  3.8
Polearms       | 1 4 6 |  6.7
Staves         | 1 4 |  4.8
Stealth        | 1 |  1.4
Throwing       | |  0.6
Unarmed Combat | |  0.1

Action                     |  1- 3 |  4- 6 |  7- 9 || total
---------------------------+-------+-------+-------++-------
  Melee: Hand axe          |    66 |       |       ||    66
         Headbutt          |     5 |    11 |    36 ||    52
         Halberd           |       |   117 |    55 ||   172
         Unarmed           |       |     2 |       ||     2
         Quarterstaff      |       |       |   106 ||   106
  Throw: Dart              |     2 |       |     8 ||    10
 Invoke: Trog's Hand       |       |       |     1 ||     1
    Use: Potion            |     1 |       |     4 ||     5
         Scroll            |       |       |     3 ||     3
   Stab: Petrifying        |       |       |     2 ||     2
         Petrified         |       |       |     2 ||     2
 Armour: Animal skin       |    18 |       |       ||    18
         Ring mail         |    52 |    39 |       ||    91
         Chain mail        |       |   110 |   143 ||   253
         Skin              |       |     1 |       ||     1
  Dodge: Dodged            |    51 |   106 |    94 ||   251
